 Dungeon Crawl Stone Soup version 0.28-a0-1312-g71652a0310 (webtiles) character file.

Game seed: 14289590989541574429

188 blank1 the Skirmisher (level 5, -1/33 HPs)
             Began as a Gargoyle Fighter on Dec 27, 2021.
             Slain by a black bear (5 damage)
             ... on level 3 of the Dungeon.
             The game lasted 00:02:52 (2456 turns).

blank1 the Skirmisher (Gargoyle Fighter)            Turns: 2456, Time: 00:02:52

Health: -1/33      AC: 11    Str: 22    XL:     5   Next: 67%
Magic:  5/5        EV: 10    Int:  8    God:
Gold:   107        SH:  4    Dex:  9    Spells: 4/4 levels left

rFire   . . .      SeeInvis .   a - +0 flail
rCold   . . .      Faith    +   c - +0 buckler
rNeg    + . .      Spirit   .   b - +0 scale mail
rPois   ∞          Reflect  .   (no helmet)
rElec   +          Harm     .   (no cloak)
rCorr   .          Rampage  .   (no gloves)
Will    +....                   (no boots)
Stlth   ..........              j - amulet of faith
HPRegen 0.11/turn               g - ring of wizardry
MPRegen 0.09/turn               l - ring of willpower

@: no status effects
A: sickness immunity, AC +4, negative energy resistance 1, electricity
resistance, torment resistance 1, petrification resistance
a: no special abilities


You were on level 3 of the Dungeon.
You visited 1 branch of the dungeon, and saw 4 of its levels.

You collected 107 gold pieces.

Inventory:

Hand Weapons
 a - a +0 flail (weapon)
Armour
 b - a +0 scale mail (worn)
 c - a +0 buckler (worn)
Jewellery
 g - a ring of wizardry (left hand)
 j - an amulet of faith (around neck)
 l - a ring of willpower (right hand)
Scrolls
 h - 3 scrolls of teleportation {unknown}
 i - a scroll of noise {unknown}
 m - a scroll of enchant armour {unknown}
 n - 2 scrolls of summoning
 r - a scroll of immolation {unknown}
 s - a scroll of silence {unknown}
 t - a scroll of blinking {unknown}
Potions
 d - a potion of might
 e - 2 potions of curing {unknown}
 f - 3 potions of mutation {unknown}
 k - a potion of ambrosia {unknown}
 p - a potion of berserk rage {unknown}
 q - a potion of haste {unknown}


   Skills:
 - Level 4.0 Fighting
 + Level 3.5 Maces & Flails
 - Level 4.0 Armour
 - Level 2.0 Dodging
 - Level 4.0 Shields


You had 4 spell levels left.
You didn't know any spells.
Your spell library contained the following spells:

 Spells                   Type           Power      Damage    Failure   Level
 Magic Dart               Conj           0%         1d3       38%         1
 Passwall                 Tmut/Erth      0%         N/A       52%         2
 Searing Ray              Conj           0%         2d4       52%         2
 Swiftness                Air            0%         N/A       75%         3
 Fulminant Prism          Conj/Hex       0%         3d6       98%         4
 Summon Forest            Summ/Tloc      0%         N/A       100%        5
 Eringya's Noxious Bog    Tmut/Pois      0%         N/A       100%        6
 Summon Hydra             Summ           0%         N/A       100%        7


Dungeon Overview and Level Annotations

Branches:
Dungeon (4/15)
 Temple: D:4-7

Altars:
Ashenzari
Fedhas
Hepliaklqana


Innate Abilities, Weirdness & Mutations

You are immune to sickness and miasma.
Your stone body is resilient. (AC +4)
You are immune to poison.
You resist negative energy. (rN+)
You are resistant to electric shocks. (rElec)
You are resistant to unholy torment.
You are immune to petrification.


Message History

The black bear claws you.
You barely miss the black bear.
The black bear is moderately wounded.
The black bear bites you but does no damage.
The black bear claws you but does no damage.
The black bear closely misses you.
The black bear bites you but does no damage.
The black bear claws you but does no damage. x2
You barely miss the black bear.
The black bear is moderately wounded.
The black bear bites you. The black bear claws you.
You block the black bear's attack.
Unknown command.
You barely miss the black bear.
The black bear is moderately wounded.
The black bear bites you but does no damage.
You block the black bear's attack. The black bear barely misses you.
You hit the black bear.
The black bear is heavily wounded.
You block the black bear's attack.
The black bear claws you but does no damage. x2
Unknown command.
Unknown command.
You sock the black bear!
The black bear is severely wounded.
The black bear goes berserk!
The black bear bites you! The black bear closely misses you.
The black bear barely misses you.
Unknown command.
You hit the black bear but do no damage.
The black bear is severely wounded.
The black bear bites you but does no damage.
The black bear claws you but does no damage. x2
Unknown command.
Your scale mail prevents you from hitting the black bear.
The black bear is severely wounded.
The black bear bites you!
* * * LOW HITPOINT WARNING * * *
The black bear barely misses you. The black bear completely misses you.
The black bear bites you.
You die...

##.#.##...)...................
##..#.##....................#..
###.............................#
......####..................#..##
....####........#..##.......##.##
..######.##..###...##........#.##
### #...###..#....#########.#.##
##.#####....^#.# #.#...
##..####..#..@#.### #...##
###..##....#..h.....########..<#
##.......####..............##.#..
.......### #................)...
.......# ###..##...######..###
.......# #..##.### ##....#
.......# #..##.# ##......
.......# ##..##.# #....##.
.......# #)..##.# ###...##..


You could see a black bear (berserk).

Vanquished Creatures
  Eustachio (D:3)
  2 adders
  A dart slug (D:1)
  4 ball pythons
  6 endoplasms
  3 giant cockroaches
  2 goblins
  2 hobgoblins (D:2)
  3 jackals (D:1)
  2 quokkas
  4 bats
  A frilled lizard (D:2)
  3 kobolds
  3 rats
37 creatures vanquished.

Vanquished Creatures (collateral kills)
  A kobold (D:3)
1 creature vanquished.

Grand Total: 38 creatures vanquished

Notes
Turn   | Place    | Note
-------+----------+-------------------------------------------
     0 | D:1      | blank1 the Gargoyle Fighter began the quest for the Orb.
     0 | D:1      | Reached XP level 1. HP: 14/14 MP: 1/1
    63 | D:1      | Found a faded altar of an unknown god.
   415 | D:1      | Reached XP level 2. HP: 19/19 MP: 2/2
  1118 | D:2      | Reached XP level 3. HP: 23/23 MP: 3/3
  1339 | D:2      | Reached skill level 1 in Dodging
  1835 | D:3      | Reached XP level 4. HP: 18/29 MP: 4/4
  2324 | D:3      | Found a blossoming altar of Fedhas.
  2325 | D:3      | Found a broken altar of Ashenzari.
  2326 | D:3      | Found a hazy altar of Hepliaklqana.
  2391 | D:4      | Noticed Eustachio
  2394 | D:4      | Noticed a black bear
  2418 | D:3      | Killed Eustachio
  2419 | D:3      | Reached XP level 5. HP: 31/33 MP: 5/5
  2456 | D:3      | Slain by a black bear

Illustrated notes

Levels and vault maps discovered:
D:1:      minmay_arrival_shattered_statue, layout_loops_ring,
          shapermc_ecumenical_altar_flowoftime, st_stairs_10
D:2:      layout_basic
D:3:      layout_rooms, gammafunk_temple_overflow_claw, nrook_loot_triangle
D:4:      layout_cave_pools, mainiacjoe_overflow_alcove_2, glass_columns_b,
          uniq_ijyb, uniq_grinder, uniq_eustachio

Skill      XL: |  1  2  3  4 |
---------------+-------------+-----
Dodging        | 1 2 |  2.0
Fighting       | 4 |  4.0
Maces & Flails | 3 |  3.5
Armour         | 4 |  4.0
Shields        | 4 |  4.0

Action                   |  1- 3 |  4- 6 || total
-------------------------+-------+-------++-------
Melee: Flail             |   113 |    29 ||   142
  Use: Scroll            |     1 |       ||     1
Armor: Scale mail        |    68 |    21 ||    89
Dodge: Dodged            |    68 |    18 ||    86
Block: Buckler           |    27 |     7 ||    34

Table legend: (Time is in decaauts)
 A = Elapsed time spent in this place.
 B = Non-inter-level travel time spent in this place.
 C = Inter-level travel time spent in this place.
 D = Time resting spent in this place.
 E = Time spent auto-exploring this place.
 F = Levels seen in this place.
 G = Mean time per level.
                   A        B        C        D        E       F      G
               +--------+--------+--------+--------+--------+-----+--------+
         Total |   2498 |   2353 |    145 |    178 |   1799 |   4 |  624.5 |
       Dungeon |   2498 |   2353 |    145 |    178 |   1799 |   4 |  624.5 |
               +--------+--------+--------+--------+--------+-----+--------+

Top non-repeatable levels by time:
     D:2: 919 daAuts
     D:1: 891 daAuts
     D:3: 676 daAuts
     D:4: 10 daAuts
